 Dungeon Crawl Stone Soup version 0.21.0-25-ge575cb9 (webtiles) character file.

12710 Gorglomux the Blocker (level 11, -2/94 (95) HPs)
             Began as a Ghoul Monk on Jan 22, 2018.
             Was a High Priest of Okawaru.
             Slain by Urug
             ... wielding a +0 broad axe
              (17 damage)
             ... on level 11 of the Dungeon.
             The game lasted 00:43:42 (11574 turns).

Gorglomux the Blocker (Ghoul Monk)                 Turns: 11574, Time: 00:43:43

HP:   -2/94 (95)    AC: 20    Str: 19    XL:     11   Next: 97%
MP:   0/12          EV:  9    Int:  5    God:    Okawaru [*****.]
Gold: 523           SH: 19    Dex: 11    Spells: 10/10 levels left

rFire    . . .     SeeInvis .     - Unarmed
rCold    + + .     Gourm    .   y - +0 large shield
rNeg     + + +     Faith    .   K - +0 plate armour
rPois    ∞         Spirit   +   v - +1 helmet of the Sacrificial Victim {rElec}
rElec    +         Reflect  .   (no cloak)
rCorr    .         Harm     .   (no gloves)
MR       .....                  w - +0 pair of boots
Stlth    ..........             M - amulet of guardian spirit
HPRegen  0.00/turn              (no ring)
MPRegen  0.13/turn              c - ring of protection from cold

@: heroism, very slightly contaminated, rotting, invisible
A: rotting body, claws 1, carnivore, cold resistance 1, negative energy
resistance 3, inhibited regeneration, torment resistance, unbreathing
a: Heroism, Finesse, Renounce Religion


You were on level 11 of the Dungeon.
You worshipped Okawaru.
Okawaru was extremely pleased with you.
You were not hungry.

You visited 2 branches of the dungeon, and saw 12 of its levels.
You also visited: Bailey.

You collected 523 gold pieces.

Inventory:

Missiles
 Y - 26 tomahawks (quivered)
Armour
 v - the +1 helmet of the Sacrificial Victim (worn) {rElec}
   (You found it on level 6 of the Dungeon)

   It insulates you from electricity.
 w - a +0 pair of boots (worn)
 y - a +0 large shield (worn)
 K - a +0 plate armour (worn)
Jewellery
 c - a ring of protection from cold (right claw)
 E - a cursed ring of teleportation {unknown}
 M - an amulet of guardian spirit (around neck)
Wands
 A - a wand of acid (2)
 D - a wand of digging (12)
 I - a wand of iceblast (2)
 X - a wand of flame (54)
Scrolls
 g - 3 scrolls of enchant armour {unknown}
 h - 4 scrolls of enchant weapon {unknown}
 x - a scroll of immolation {unknown}
 B - 2 scrolls of noise {unknown}
 G - 8 scrolls of remove curse
 H - a scroll of amnesia {unknown}
 N - 2 scrolls of fear {unknown}
 O - a scroll of blinking {unknown}
 R - 6 scrolls of identify
 S - 4 scrolls of fog
 T - 3 scrolls of teleportation
 V - a scroll of random uselessness {unknown}
Potions
 j - 2 potions of agility
 t - a potion of flight {unknown}
 z - a potion of mutation {unknown}
 J - 2 potions of lignification {unknown}
 L - a potion of berserk rage {unknown}
 Q - 7 potions of curing
 U - 2 potions of might {unknown}
 W - 2 potions of brilliance
Books
 C - a book of Cantrips

   Spells                             Type                      Level
   a - Confusing Touch                Hexes                        1
   b - Animate Skeleton               Necromancy                   1
   c - Summon Small Mammal            Summoning                    1
   d - Apportation                    Translocation                1
 F - a book of Changes

   Spells                             Type                      Level
   a - Beastly Appendage              Transmutation                1
   b - Sticks to Snakes               Transmutation                2
   c - Spider Form                    Transmutation/Poison         3
   d - Ice Form                       Ice/Transmutation            4
   e - Blade Hands                    Transmutation                5
 P - a book of Conjurations

   Spells                             Type                      Level
   a - Magic Dart                     Conjuration                  1
   b - Searing Ray                    Conjuration                  2
   c - Dazzling Spray                 Conjuration/Hexes            3
   d - Fulminant Prism                Conjuration/Hexes            4
   e - Force Lance                    Conjuration/Translocation    4
   f - Iskenderun's Mystic Blast      Conjuration                  4
Comestibles
 b - 26 rations


   Skills:
 - Level 8.7(13.7) Fighting
 - Level 8.8(13.8) Armour
 - Level 7.2(12.2) Dodging
 - Level 2.1(7.1) Stealth
 - Level 8.8(13.8) Shields
 - Level 8.7(13.7) Unarmed Combat
 + Level 3.8 Invocations


You had 10 spell levels left.
You didn't know any spells.

Dungeon Overview and Level Annotations

Branches:
Dungeon (11/15)            Temple (1/1) D:6            Lair (0/6) D:11
    Orc (0/2) D:11

Altars:
Cheibriados
Dithmenos
Fedhas
Hepliaklqana
Kikubaaqudgha
Makhleb
Okawaru
Qazlal
Ru
Vehumet
Wu Jian
Xom
Yredelemnul
Zin

Shops:
D:10 :

Annotations:
D:11 Sonja, Urug


Innate Abilities, Weirdness & Mutations

Your body is rotting away.
You thrive on raw meat.
You are immune to poison.
You have sharp fingernails.
You are carnivorous and can eat meat at any time.
Your flesh is cold resistant. (rC+)
You are immune to negative energy. (rN+++)
You do not regenerate when monsters are visible.
You are immune to unholy pain and torment.
You can survive without breathing.


Message History

The adder hisses angrily!
You eviscerate something! Something hits you but does no damage!
You miss something! You miss something! Something hits you!!!
Butt butt-ly miss something!
You block the adder's attack! Something hits you!!!
You completely miss something! The adder bites you but does no damage!
The adder barely butts you!
You eviscerate something! You block something's attack!
You block the adder's attack!
You eviscerate something but do no damage!
The adder bites you but does no damage! Something hits you!!! * * * don't die
* * *
Okay, then!
Okay, then!
You fade into invisibility!!!
The adder bites you but does no damage!
You butt very lightly contaminated with residual magic!
You closely miss something! Something hits you!!!!!! rip

#[## #.## #...
#... ## ## ##P.P
#. ..# #.PP. #.
...# #.P.. #{##
#...# ##..P.
#@###....####..PP.
##S.†..#........P.
##(#.#######....P
#.# ..# #.#... #.#
#.# #.#... #<# #.#
#.##.. ###.#
#.####.##.# #...#
##.#....##..
#.#####....#######


You could see an adder.

Vanquished Creatures
  Fannar (D:11)
  3 two-headed ogres
  Nergalle (D:11)
  A cyclops (D:10)
  3 trolls
  A hornet (D:10)
  Sigmund (D:2)
  A shadow (D:10)
  3 yaks
  2 hogs (D:11)
  A human (D:11)
  2 hungry ghosts
  A basilisk (D:11)
  3 porcupines (D:11)
  3 sky beasts
  8 orc warriors
  A phantom (D:4)
  10 ogres
  4 centaurs (D:10)
  2 crocodiles
  3 big kobolds (D:10)
  14 bullfrogs
  A gnoll sergeant (D:10)
  2 jellies
  5 scorpions
  A wyvern skeleton (D:10)
  A water moccasin skeleton (D:8)
  11 wights
  4 crimson imps
  2 bullfrog zombies (D:11)
  2 quasits
  A centaur zombie (D:8)
  A bullfrog skeleton (D:5)
  3 hounds
  9 orc wizards
  3 orc priests
  3 centaur skeletons
  Natasha (D:4)
  2 iguanas
  11 worker ants
  A killer bee zombie (D:7)
  2 hound skeletons
  Robin (D:2)
  2 gnolls
  10 adders
  A howler monkey skeleton (D:10)
  4 shadow imps
  2 oozes (D:5)
  2 adder skeletons
  An adder zombie (D:7)
  3 worms
  A dart slug (D:3)
  3 leopard geckos
  40 orcs
  4 ball pythons
  A giant cockroach (D:5)
  10 hobgoblins
  11 jackals
  17 kobolds
  3 quokkas
  A ball python skeleton (D:4)
  6 bats
  6 frilled lizards
  A giant cockroach zombie (D:5)
  18 goblins
  A leopard gecko skeleton (D:9)
  A quokka skeleton (D:5)
  2 quokka zombies (D:5)
  A rat (D:4)
288 creatures vanquished.

Vanquished Creatures (others)
  A goblin (D:2)
  A fungus (D:11)
  A plant (D:11)
3 creatures vanquished.

Grand Total: 291 creatures vanquished

Notes
Turn   | Place    | Note
-------+----------+-------------------------------------------
     0 | D:1      | Gorglomux the Ghoul Monk began the quest for the Orb.
     0 | D:1      | Reached XP level 1. HP: 19/19 MP: 0/0
   527 | D:1      | Reached XP level 2. HP: 26/26 MP: 1/1
   656 | D:1      | Reached skill level 3 in Dodging
  1100 | D:2      | Reached XP level 3. HP: 20/32 MP: 2/2
  1275 | D:2      | Noticed Sigmund
  1300 | D:2      | Killed Sigmund
  1300 | D:2      | Reached XP level 4. HP: 27/41 MP: 3/3
  1300 | D:2      | Reached XP level 5. HP: 31/47 MP: 4/4
  1328 | D:2      | Noticed Robin
  1365 | D:2      | Killed Robin
  1378 | D:2      | Reached XP level 6. HP: 44/55 MP: 5/5
  2690 | D:3      | Found a hazy altar of Hepliaklqana.
  2902 | D:3      | Noticed a hippogriff
  3018 | D:3      | Found an ancient bone altar of Kikubaaqudgha.
  3254 | D:4      | Reached XP level 7. HP: 25/61 MP: 6/6
  3643 | D:4      | Reached skill level 6 in Fighting
  3643 | D:4      | Reached skill level 6 in Unarmed Combat
  3721 | D:4      | Noticed Natasha
  3732 | D:4      | Killed Natasha
  3887 | D:4      | Reached XP level 8. HP: 58/71 MP: 5/7
  4214 | D:5      | Entered Level 5 of the Dungeon
  4715 | D:5      | Found a snail-covered altar of Cheibriados.
  5242 | D:6      | Reached skill level 6 in Dodging
  5319 | D:6      | Found a staircase to the Ecumenical Temple.
  5335 | Temple   | Entered the Ecumenical Temple
  5349 | Temple   | Became a worshipper of Warmaster Okawaru
  5349 | Temple   | Reached * piety under Okawaru
  5349 | Temple   | Reached ** piety under Okawaru
  5729 | D:6      | Got a heavily runed helmet
  5735 | D:6      | Identified the +1 helmet of the Sacrificial Victim {rElec} (You found it on level 6 of the Dungeon)
  5796 | D:6      | Reached XP level 9. HP: 60/81 MP: 4/8
  6272 | D:6      | Found a glowing silver altar of Zin.
  6272 | D:6      | Found a stormy altar of Qazlal.
  6277 | D:6      | Found a faded altar of an unknown god.
  6279 | D:6      | Found an ornate altar of the Wu Jian Council.
  6280 | D:6      | Found a blossoming altar of Fedhas.
  7717 | D:8      | Found a radiant altar of Vehumet.
  7790 | D:8      | Found a flagged portal.
  7800 | Bailey   | Entered a bailey
  7870 | Bailey   | Found an iron altar of Okawaru.
  7870 | Bailey   | Noticed a kobold demonologist
  7871 | Bailey   | Noticed an orc sorcerer
  7927 | D:8      | Reached skill level 1 in Armour
  7927 | D:8      | Reached skill level 1 in Shields
  7927 | D:8      | Reached skill level 1 in Invocations
  7954 | D:8      | Noticed a two-headed ogre
  8141 | D:8      | Found a shadowy altar of Dithmenos.
  8490 | D:9      | Noticed a troll
  8499 | D:9      | Killed a troll
  8499 | D:9      | Reached skill level 3 in Invocations
  8499 | D:9      | Reached XP level 10. HP: 51/89 MP: 3/11
  8681 | D:9      | Noticed a two-headed ogre
  8689 | D:9      | Reached skill level 3 in Armour
  8689 | D:9      | Reached skill level 3 in Shields
  8721 | D:9      | Reached *** piety under Okawaru
  9049 | D:9      | Killed a two-headed ogre
  9258 | D:10     | Entered Level 10 of the Dungeon
  9290 | D:10     | Noticed a two-headed ogre
  9301 | D:10     | Killed a two-headed ogre
  9458 | D:10     | Reached **** piety under Okawaru
  9458 | D:10     | Reached skill level 6 in Armour
  9458 | D:10     | Reached skill level 6 in Shields
  9568 | D:10     | Reached XP level 11. HP: 72/95 MP: 10/12
  9761 | D:10     | Noticed a cyclops
  9762 | D:10     | Noticed a two-headed ogre
  9786 | D:10     | Killed a two-headed ogre
  9789 | D:10     | Killed a cyclops
 10072 | D:10     | Found Yloliwic's Book Emporium.
 10396 | D:11     | Reached ***** piety under Okawaru
 10520 | D:11     | Found a staircase to the Lair.
 10592 | D:11     | Found a staircase to the Orcish Mines.
 10639 | D:11     | HP: 2/95 [hog (9)]
 10656 | D:11     | Received a gift from Okawaru
 10907 | D:11     | Noticed a manticore
 11119 | D:11     | Noticed Nergalle
 11121 | D:11     | Noticed a spectral orc warlord
 11134 | D:11     | Killed Nergalle
 11243 | D:11     | Noticed Sonja
 11308 | D:11     | Noticed Fannar
 11334 | D:11     | Killed Fannar
 11553 | D:11     | Noticed Urug
 11574 | D:11     | Slain by Urug

Skill      XL: |  1  2  3  4  5  6  7  8  9 10 11 |
---------------+----------------------------------+-----
Dodging        | 3 4 5 6 7 |  7.2
Fighting       | 4 5 6 7 8 |  8.7
Unarmed Combat | 4 5 6 7 8 |  8.7
Armour         | 2 6 8 |  8.8
Shields        | 2 6 8 |  8.8
Invocations    | 3 |  3.8
Stealth        | |  2.1

Action                   |  1- 3 |  4- 6 |  7- 9 | 10-12 || total
-------------------------+-------+-------+-------+-------++-------
Melee: Unarmed           |    81 |   200 |   412 |   510 ||  1203
       Punch             |     1 |       |     9 |    15 ||    25
Throw: Tomahawk          |       |     3 |    11 |     5 ||    19
Invok: Heroism           |       |       |     8 |    18 ||    26
       Finesse           |       |       |       |     1 ||     1
Evoke: Wand              |       |       |       |    13 ||    13
  Use: Scroll            |     2 |       |     5 |       ||     7
       Potion            |     1 |       |       |     3 ||     4
  Eat: Chunk             |     7 |    12 |    19 |    12 ||    50
Armor: Chain mail        |    38 |   111 |    80 |       ||   229
       Plate armour      |       |       |   103 |   293 ||   396
Dodge: Dodged            |    27 |    87 |   137 |   206 ||   457
Block: Large shield      |       |       |       |    17 ||    17
